 Dungeon Crawl Stone Soup version 0.32-a0-834-geaf45d8e21 (webtiles) character file.

Game seed: 3919971422763630033

95 jasper the Chopper (level 4, 0/36 HPs)
             Began as a Mountain Dwarf Gladiator on Mar 25, 2024.
             Slain by Grinder (5 damage)
             ... on level 3 of the Dungeon.
             The game lasted 00:02:20 (1841 turns).

jasper the Chopper (Mountain Dwarf Gladiator)       Turns: 1841, Time: 00:02:21

Health: 0/36       AC:  9    Str: 19    XL:     4   Next: 39%
Magic:  4/4        EV:  6    Int:  8    God:
Gold:   100        SH:  3    Dex: 11    Spells: 3/3 levels left

rFire   . . .        a - +1 war axe
rCold   . . .        k - +0 buckler
rNeg    . . .        h - +0 chain mail
rPois   .            c - +0 helmet
rElec   .            (no cloak)
rCorr   .            (no gloves)
SInv    .            (no boots)
Will    .....        (no amulet) Stlth
                     (no ring)
HPRegen 0.26/turn    (no ring)
MPRegen 0.09/turn

%: no passive effects
@: no status effects
A: runic magic, artefact enchanting
a: no special abilities


You were on level 3 of the Dungeon.
You visited 1 branch of the dungeon, and saw 3 of its levels.

You collected 100 gold pieces.

Inventory:

Hand Weapons
 a - a +1 war axe (weapon)
Missiles
 d - 3 throwing nets
 e - a javelin
 f - 4 boomerangs
 j - 15 stones (quivered)
Armour
 b - a +0 leather armour
 c - a +0 helmet (worn)
 h - a +0 chain mail (worn)
 k - a +0 buckler (worn)
Wands
 o - a wand of light (3)
Scrolls
 g - a scroll of blinking
 n - 2 scrolls of enchant armour {unknown}
 p - a scroll of identify
Potions
 i - 2 potions of heal wounds
 l - a potion of brilliance {unknown}
 m - a potion of enlightenment {unknown}


   Skills:
 - Level 2.1 Fighting
 + Level 6.3 Axes
 - Level 1.5 Throwing
 - Level 2.1 Dodging


You had 3 spell levels left.
You didn't know any spells.
Your spell library was empty.

Dungeon Overview and Level Annotations

Branches:
Dungeon (3/15)

Altars:

Annotations:
D:3 Grinder


Innate Abilities, Weirdness & Mutations

Your spellcasting is much less encumbered by armour.
You can use scrolls of enchantment on lesser artefacts.


Message History

Health restored: 36 You now have 89 gold pieces (gained 4).
p - a scroll of identify You now have 100 gold pieces (gained 11).
Grinder comes into view.
Grinder shouts!
Grinder blinks!
Grinder is nearby!
Okay, then.
Aiming: Bolt of Light
Press: ? - help, Shift-Dir - straight line, f - Grinder
Aim: Grinder (68% to hit)
The bolt of light hits Grinder!
Grinder is moderately wounded.
Grinder is blinded.
Grinder hits you.
You writhe in agony.
You take 9 damage, and have 27/36 hp.
MASSIVE DAMAGE!!
You slash Grinder!
Grinder is severely wounded.
Grinder gestures at you.
You suddenly lose the ability to move!
Grinder hits you.
You writhe in agony.
Grinder hits you.
You writhe in agony.
Grinder hits you!
You writhe in agony.
* * * LOW HITPOINT WARNING * * *
You can move again.
You take 17 damage, and have 10/36 hp.
MASSIVE DAMAGE!!
Unknown command.
Unknown command.
Unknown command.
Unknown command.
Aiming: Bolt of Light
Press: ? - help, Shift-Dir - straight line, f/p - Grinder
Aim: Grinder (severely wounded, blind, unable to see you, 68% to hit)
The bolt of light hits Grinder.
Grinder is almost dead.
Grinder hits you.
* * * LOW HITPOINT WARNING * * *
You writhe in agony.
You die...
Grinder says, "Now the real fun starts!"

#..........#
######.###### #.#
#...........# #.#
#.####.####.###.#
#.# #..........#
#.# ######.##..#
#.# #.##..# #.#
#.##..## #@#
#.##....
#5.......
..##.###
#########
####.... #####


You could see Grinder (blind, unable to see you).

Vanquished Creatures
  6 adders
  2 ball pythons
  8 bats
  4 endoplasms
  4 giant cockroaches
  2 hobgoblins
  2 quokkas (D:2)
  3 frilled lizards
  3 goblins
  5 kobolds
39 creatures vanquished.

Notes
Turn   | Place    | Note
-------+----------+-------------------------------------------
     0 | D:1      | jasper the Mountain Dwarf Gladiator began the quest for the
                  | Orb.
     0 | D:1      | Reached XP level 1. HP: 17/17 MP: 1/1
   141 | D:1      | Reached skill level 4 in Axes
   297 | D:1      | Reached XP level 2. HP: 24/24 MP: 2/2
   898 | D:2      | Reached skill level 5 in Axes
   898 | D:2      | Reached XP level 3. HP: 29/29 MP: 3/3
  1344 | D:2      | Reached skill level 6 in Axes
  1344 | D:2      | Reached XP level 4. HP: 15/36 MP: 4/4
  1835 | D:3      | Noticed Grinder
  1837 | D:3      | Paralysed by Grinder for 4 turns
  1841 | D:3      | Slain by Grinder

Illustrated notes

Levels and vault maps discovered:
D:1:      dpeg_arrival_round_a, layout_loops_ring, minmay_tetromino_i2
D:2:      layout_loops_ring, serial_aquarium, aquarium_bridge_square
          [aquarium_subvault_balcony, aquarium_subvault_wall,
          aquarium_subvault_window, aquarium_subvault_bridge],
          aquarium_bridge_square [aquarium_subvault_bridge,
          aquarium_subvault_bridge, aquarium_subvault_bridge,
          aquarium_subvault_bridge], aquarium_window_2, aquarium_window_corner,
          aquarium_view_2g, aquarium_view_2a
D:3:      layout_loops_ring, zin_academy, uniq_terence, uniq_ijyb, uniq_grinder

Skill      XL: |  1  2  3 |
---------------+----------+-----
Axes           | 4 5 6 |  6.3
Fighting       | |  2.1
Throwing       | |  1.5
Dodging        | |  2.1

Action                     |  1- 3 |  4- 6 || total
---------------------------+-------+-------++-------
  Melee: War axe           |   104 |    13 ||   117
  Evoke: Wand              |       |     2 ||     2
    Use: Scroll            |     3 |     3 ||     6
   Stab: Sleeping          |     1 |       ||     1
 Armour: Leather armour    |     9 |       ||     9
         Chain mail        |   107 |    14 ||   121
  Dodge: Dodged            |    63 |     5 ||    68
  Block: Buckler           |     7 |     1 ||     8

Table legend: (Time is in decaauts)
 A = Elapsed time spent in this place.
 B = Non-inter-level travel time spent in this place.
 C = Inter-level travel time spent in this place.
 D = Time resting spent in this place.
 E = Time spent auto-exploring this place.
 F = Levels seen in this place.
 G = Mean time per level.
                   A        B        C        D        E       F      G
               +--------+--------+--------+--------+--------+-----+--------+
         Total |   1883 |   1827 |     56 |      4 |   1372 |   3 |  627.7 |
       Dungeon |   1883 |   1827 |     56 |      4 |   1372 |   3 |  627.7 |
               +--------+--------+--------+--------+--------+-----+--------+

Top non-repeatable levels by time:
     D:2: 880 daAuts
     D:1: 822 daAuts
     D:3: 180 daAuts
